 Dungeon Crawl Stone Soup version 0.17.2 (webtiles) character file.

133 Goblin1989 the Skirmisher (level 4, -2/38 HPs)
             Began as a Demonspawn Wanderer on July 9, 2016.
             Killed by divine providence
             ... invoked by an orc priest
              (13 damage)
             ... on level 3 of the Dungeon.
             The game lasted 00:06:28 (4062 turns).

Goblin1989 the Skirmisher (Demonspawn Wanderer)     Turns: 4062, Time: 00:06:29

Health: -2/38      AC:  3    Str: 14    XL:     4   Next: 93%
Magic:  4/4        EV: 11    Int: 12    God:
Gold:   149        SH:  0    Dex: 13    Spells: 0 memorised, 3 levels left

rFire  . . .     SeeInvis .       - Unarmed
rCold  . . .     Clarity  .     e - +0 robe
rNeg   . . .     SustAt   .     (no shield)
rPois  .         Gourm    .     (no helmet)
rElec  .         Spirit   .     p - +0 cloak
rCorr  .         Warding  .     (no gloves)
rMut   .         Stasis   .     (no boots)
MR     .....                    (no amulet)
Stlth  +.........               (no ring)
                                (no ring)

@: not resistant to hostile enchantments, very unstealthy
A: claws 1, talons 1
a: no special abilities


You were on level 3 of the Dungeon.
You were not hungry.

You visited 1 branch of the dungeon, and saw 3 of its levels.

You collected 149 gold pieces.

Inventory:

Hand Weapons
 b - a +2 blowgun
 d - a +0 short sword
Missiles
 a - 3 curare-tipped needles
 o - 2 needles of confusion
 r - 15 poisoned needles
Armour
 e - a +0 robe (worn)
 p - a +0 cloak (worn)
Wands
 q - a wand of draining (12)
Scrolls
 i - a scroll of immolation {unknown}
 l - 2 scrolls of remove curse {unknown}
 n - 2 scrolls of identify {unknown}
 s - a scroll of teleportation {unknown}
Potions
 c - 2 potions of lignification
 g - a potion of agility {unknown}
 h - 3 potions of magic {unknown}
 j - a potion of might {unknown}
 k - a potion of heal wounds {unknown}
Comestibles
 f - 3 bread rations
 m - a beef jerky


   Skills:
 - Level 4.5 Fighting
 - Level 1.7 Short Blades
   Level 1.0 Bows
 - Level 1.0 Throwing
 - Level 1.0 Dodging
 + Level 3.6 Unarmed Combat
 - Level 1.0 Evocations


You had 3 spell levels left.
You didn't know any spells.

Dungeon Overview and Level Annotations

Branches:
Dungeon (3/15)

Altars:
Nemelex Xobeh
Sif Muna

Annotations:
D:2 Ijyb


Innate Abilities, Weirdness & Mutations

You have sharp fingernails.
You have sharp toenails.


Message History

You are too injured to fight recklessly!
You are too injured to fight recklessly!
You are too injured to fight recklessly!
You are too injured to fight recklessly!
You are too injured to fight recklessly!
You are too injured to fight recklessly!
You are too injured to fight recklessly!
You are too injured to fight recklessly!
You are too injured to fight recklessly!
You are too injured to fight recklessly!
You are too injured to fight recklessly!
You are too injured to fight recklessly!
You are too injured to fight recklessly!
You are too injured to fight recklessly!
You are too injured to fight recklessly!
You are too injured to fight recklessly!
A bat comes into view.
The orc priest calls down the wrath of Beogh upon you.
Something smites you!
You die...

#.....^..###### #.
#.............#### #.#
#....†...####..... ...
########## ####### #.#
#...#
#.##############.#.#
#.##.............#.#.#
#.##.#############.#.#
#.##.##.@....b.. #.#.#
#.o..o..######## #.#.#
####.#.## #.#.# #.#.#
#.#.# ..#.# #.#.#
####.# #.#.. #.. #.###
### #.... #####


You could see an orc priest, an orc and a bat.

Vanquished Creatures
  Crazy Yiuf (D:2)
  4 adders
  A gnoll (D:1)
  A giant gecko (D:3)
  2 orcs (D:3)
  A ball python (D:1)
  12 bats
  A giant cockroach (D:1)
  6 hobgoblins
  5 jackals (D:2)
  A quokka (D:3)
  A giant newt (D:1)
  7 goblins
  7 kobolds
  4 rats
54 creatures vanquished.

Notes
Turn   | Place    | Note
--------------------------------------------------------------
     0 | D:1      | Goblin1989 the Demonspawn Wanderer began the quest for the Orb.
     0 | D:1      | Goblin1989 set off with: 3 curare-tipped needles, a +2 blowgun, a potion of lignification, a +0 short sword, a +0 robe, a bread ration
     0 | D:1      | Reached XP level 1. HP: 19/19 MP: 1/1
    92 | D:1      | Found a sparkling altar of Nemelex Xobeh.
   122 | D:1      | Gained mutation: You have sharp fingernails. [demonic ancestry]
   122 | D:1      | Reached XP level 2. HP: 11/26 MP: 2/2
   627 | D:1      | Reached skill level 1 in Unarmed Combat
  1008 | D:2      | Found a deep blue altar of Sif Muna.
  1037 | D:2      | Gained mutation: You have sharp toenails. [demonic ancestry]
  1037 | D:2      | Reached XP level 3. HP: 23/31 MP: 3/3
  1342 | D:2      | Noticed Ijyb
  2476 | D:2      | Noticed Crazy Yiuf
  2485 | D:2      | Killed Crazy Yiuf
  2485 | D:2      | Reached XP level 4. HP: 12/38 MP: 4/4
  4062 | D:3      | Killed from afar by an orc priest

Action                   |  1- 3 |  4- 6 || total
-------------------------+-------+-------++-------
Melee: Short sword       |     5 |       ||     5
       Unarmed           |   146 |    61 ||   207
 Fire: Blowgun           |     1 |       ||     1
 Stab: Sleeping          |     3 |     1 ||     4
  Eat: Chunk             |     4 |     6 ||    10
